Map: Aura mortal EE

Players

MrFercho - Winner!

  • Race: Zerg Zerg
  • League: Gold
  • Spawn Location: 11:00

FJAMBER

  • Race: Protoss Protoss
  • League: Gold
  • Spawn Location: 5:00

VOD

Have the link to the VOD?

Description

Time

  • Played on: July 27, 2020, 11:34 p.m.
  • Length: 7:24
Show
View Real Time Build Order
Export as new Build Order

MrFercho Zerg - Winner!

Build Orders: Hatch First 

Get SALT Encoding   

  12  0:00  Drone  
  13  0:16  Overlord  
  13  0:18  Drone  
  14  0:34  Drone x2  
  16  0:51  Hatchery  
  16  0:54  Drone  
  16  0:56  Drone  
  17  1:00  Drone  
  18  1:10  Extractor  
  17  1:16  Spawning Pool  
  16  1:18  Drone  
  16  1:22  Drone  
  18  1:32  Drone  
  19  1:46  Drone  
  20  1:56  Overlord  
  20  2:05  Queen x2  
  20  2:07  Zergling x4  
  26  2:17  Drone x2  
  26  2:19  Metabolic Boost  
  28  2:26  Drone x2  
  30  2:39  Overlord  
  30  2:40  Drone  
  31  2:47  Queen  
  31  2:49  Overlord  
  31  2:50  Drone  
  34  3:00  Zergling x4  
  36  3:10  Zergling x2  
  36  3:11  Zergling x2  
  38  3:24  Drone x6  
  44  3:39  Zergling x4  
  46  3:49  Zergling x4  
  46  4:15  Zergling x4  
  46  4:16  Zergling x8  
  52  4:17  Overlord x2  
  50  4:38  Zergling x8  
  52  4:51  Spore Crawler  
  49  4:59  Lair  
  48  5:08  Drone x4  
  52  5:41  Pneumatized Carapace  
  52  5:46  Extractor x2, Drone x2  
  52  5:47  Drone  
  52  5:48  Drone x2  
  52  5:49  Drone x2  
  57  5:50  Drone  
  58  6:05  Overseer  
  58  6:06  Spore Crawler  
  56  6:39  Extractor  
  55  6:41  Hydralisk Den  
  55  6:43  Zergling x4  
  55  6:44  Zergling x8  
Show
View Real Time Build Order
Export as new Build Order

FJAMBER Protoss 

Build Orders: Dark Templar Rush 

Get SALT Encoding   

  12  0:02  Probe (Chrono Boost)  
  13  0:15  Pylon  
  13  0:16  Probe (Chrono Boost)  
  14  0:32  Probe  
  15  0:44  Gateway  
  15  0:51  Assimilator  
  15  0:53  Probe  
  16  1:02  Pylon  
  16  1:08  Probe  
  17  1:26  Probe  
  18  1:32  Cybernetics Core  
  18  1:35  Assimilator  
  18  1:52  Probe (Chrono Boost)  
  19  2:05  Probe (Chrono Boost)  
  20  2:09  Warp Gate  
  20  2:11  Adept (Chrono Boost)  
  22  2:23  Shield Battery  
  22  2:32  Twilight Council  
  22  2:34  Pylon  
  22  2:39  Adept  
  24  2:47  Probe  
  25  2:51  Gateway  
  25  2:59  Probe  
  26  3:10  Dark Shrine  
  26  3:11  Probe  
  26  3:12  Pylon  
  26  3:41  Gateway  
  26  3:43  Gateway  
  26  3:44  Gateway  
  26  3:53  Charge  
  25  4:12  Adept  
  6  4:34  Dark Templar  
  7  4:52  Probe (Chrono Boost)  
  4  5:03  Probe (Chrono Boost)  
  5  5:07  Dark Templar  
  5  5:08  Probe (Chrono Boost)  
  8  5:19  Probe (Chrono Boost)  
  9  5:24  Probe (Chrono Boost)  
  10  5:42  Probe (Chrono Boost)  
  11  5:54  Probe  
  8  6:26  Probe (Chrono Boost)  
  9  6:36  Probe (Chrono Boost)  
  10  6:41  Probe (Chrono Boost)  
  11  6:51  Zealot  
  11  6:52  Probe  
  14  7:04  Probe  
  13  7:12  Zealot  
Tags
 
League
GoldGold
Matchup
PvZ
Replay Pack
MrFercho
Spawn Locations
Cross Positions
Add a new tag
Caveats
  • Supply blocks, unpowered buildings, or Contaminate may cause inaccurate times.
  • Supply counts are checked every 10 seconds.